 Dungeon Sprint DCSS version 0.23.1 (webtiles) character file.

Game seed: 8400082759470662558

49 nuthulu the Covert (level 3, -7/18 HPs)
             Began as a Spriggan Enchanter on Mar 12, 2019.
             Was a Follower of Wu Jian.
             Mangled by a +0 long sword of electrocution (10 damage)
             ... in the Dungeon (Sprint V: "Ziggurat Sprint").
             The game lasted 00:01:38 (176 turns).

nuthulu the Covert (Spriggan Enchanter)              Turns: 176, Time: 00:01:38

Health: -7/18      AC: 15    Str: 16    XL:     3   Next: 51%
Magic:  8/8        EV: 13    Int: 16    God:    Wu Jian [*.....]
Gold:   0          SH:  0    Dex: 17    Spells: 6/7 levels left

rFire    . . .     SeeInvis +   F - +5 quick blade
rCold    . . .     Gourm    .   (shield restricted)
rNeg     . . .     Faith    .   c - +5 shadow dragon scales
rPois    .         Spirit   .   (helmet restricted)
rElec    .         Reflect  .   (no cloak)
rCorr    .         Harm     .   (gloves unavailable)
MR       .....     NoTele   +   (boots unavailable)
Stlth    ++++++....             (no amulet)
HPRegen  0.06/turn              D - +6 ring of strength
MPRegen  0.11/turn              E - +6 ring of strength

@: very quick
A: very small, unfitting armour, see invisible, herbivore, speed 3, slow
metabolism 2
a: Renounce Religion


You were in the Dungeon.
You worshipped Wu Jian.
Wu Jian was aware of your devotion.
You were not hungry.

You visited 1 branch

Inventory:

Hand Weapons
 a - a +1 dagger
 F - a +5 quick blade (weapon)
Armour
 b - a +0 robe
 c - +5 shadow dragon scales (worn)
Jewellery
 z - a +6 ring of dexterity
 A - a +6 ring of dexterity
 B - a +6 ring of intelligence
 C - a +6 ring of intelligence
 D - a +6 ring of strength (left hand)
 E - a +6 ring of strength (right hand)
Wands
 w - a wand of disintegration (7)
 x - a wand of iceblast (7)
 y - a wand of acid (7)
Scrolls
 j - 4 scrolls of blinking
 q - 4 scrolls of amnesia
 r - 7 scrolls of fog
 s - a scroll of holy word
 t - 5 scrolls of identify
 u - 5 scrolls of remove curse
 v - 2 scrolls of fear
Potions
 e - 10 potions of curing
 f - 10 potions of heal wounds
 g - 6 potions of haste
 h - 7 potions of magic
 i - 3 potions of berserk rage
 k - 2 potions of brilliance
 l - 2 potions of invisibility
 m - 4 potions of resistance
 o - 5 potions of agility
 p - 5 potions of might
Comestibles
 d - 7 rations


   Skills:
 + Level 1.4 Fighting
 + Level 2.4 Short Blades
 + Level 4.2 Dodging
 * Level 12.8 Stealth
 - Level 2.6 Spellcasting
 - Level 3.6 Hexes


You had 6 spell levels left.
You knew the following spells:

 Your Spells              Type           Power        Failure   Level  Hunger
a - Corona                Hex            ##.....      67%         1    #......

Your spell library contained the following spells:

 Spells                   Type           Power        Failure   Level  Hunger
 Confuse                  Hex            ##......     95%         3    ###....
 Tukima's Dance           Hex            ##......     95%         3    ###....
 Ensorcelled Hibernation  Hex/Ice        #.....       96%         2    ##.....
 Dazzling Spray           Conj/Hex       #.....       99%         3    ###....


Dungeon Overview and Level Annotations

Branches:
Dungeon (1/1)

Altars:
Ashenzari
Cheibriados
Dithmenos
Elyvilon
Fedhas
Gozag
Hepliaklqana
Kikubaaqudgha
Makhleb
Nemelex Xobeh
Okawaru
Qazlal
Ru
Sif Muna
Trog
Uskayaw
Vehumet
Wu Jian
Xom
Yredelemnul
Zin
The Shining One
Beogh
Jiyva
Lugonu

Annotations:
D 1 transporter


Innate Abilities, Weirdness & Mutations

You are very small and have problems with some larger weapons.
You are too small for most types of armour.
You have supernaturally acute eyesight. (SInv)
You are a herbivore.
You cover ground extremely quickly.
You need to consume almost no food.


Message History

You have reached level 3!
Your experience leads to an increase in your attributes!
Your base attributes are Str 4, Int 16, Dex 16.
Increase (S)trength, (I)ntelligence, or (D)exterity?
You feel agile.
You start resting.
You start resting.
HP restored.
There is a transporter here.
Welcome to arena 2.
You enter the transporter and appear at another place.
A dancing weapon and 2 deep elf magi come into view.
There is a +0 long sword of electrocution.
Found three items.
Found a transporter.
The +0 long sword of electrocution hits you!
Ouch! That really hurt!
* * * LOW HITPOINT WARNING * * *
You are electrocuted!
Ouch! That really hurt!
You die...

▓▓▓▓▓▓▓▓▓▓▓▓▓
▓.8©8.▓.8©8.▓
▓.!ee.▓.....▓
▓..(..▓.).|.▓
▓.@...▓.....▓
▓.....▓.....▓
▓.....▓..©..▓
▓..©..▓▓▓▓▓▓▓
▓▓▓▓▓▓▓


You could see 2 deep elf magi and a +0 long sword of electrocution.

Vanquished Creatures
  A crimson imp (D)
  An ufetubus (D)
2 creatures vanquished.

Notes
Turn   | Place    | Note
-------+----------+-------------------------------------------
     0 | D        | Found the +6 Majin-Bo {vamp, Archmagi MP+6 Int+6}
     0 | D        | Found the +7 great mace "Firestarter" {inner flame, rF++}
     0 | D        | nuthulu the Spriggan Enchanter began the quest for the Orb.
     0 | D        | Reached XP level 1. HP: 9/9 MP: 5/5
    14 | D        | Found a blossoming altar of Fedhas.
    15 | D        | Found a deep blue altar of Sif Muna.
    15 | D        | Found a sacrificial altar of Ru.
    15 | D        | Found a bloodstained altar of Trog.
    15 | D        | Found a stormy altar of Qazlal.
    15 | D        | Found an iron altar of Okawaru.
    15 | D        | Found a sparkling altar of Nemelex Xobeh.
    17 | D        | Found a transporter.
    17 | D        | Found an ancient bone altar of Kikubaaqudgha.
    17 | D        | Found a viscous altar of Jiyva.
    17 | D        | Found a corrupted altar of Lugonu.
    17 | D        | Found a hazy altar of Hepliaklqana.
    17 | D        | Found a burning altar of Makhleb.
    17 | D        | Found an opulent altar of Gozag.
    42 | D        | Reached skill level 12 in Stealth
    42 | D        | Reached XP level 2. HP: 13/13 MP: 6/6
    62 | D        | Became a worshipper of the Wu Jian Council
    75 | D        | Entered arena 2.
    75 | D        | Noticed a crimson imp
    75 | D        | Found a transporter.
    90 | D        | Killed a crimson imp
    90 | D        | Reached * piety under Wu Jian
    90 | D        | Reached skill level 1 in Fighting
    90 | D        | Reached XP level 3. HP: 13/18 MP: 8/8
   173 | D        | Entered arena 3.
   173 | D        | Noticed a +0 long sword of electrocution
   173 | D        | Noticed a deep elf mage
   173 | D        | Noticed a deep elf mage
   173 | D        | Found a transporter.
   176 | D        | Mangled by a +0 long sword of electrocution

Skill      XL: |  1  2 |
---------------+-------+-----
Stealth        | 12 | 12.8
Fighting       | 1 |  1.4
Short Blades   | 2 |  2.4
Dodging        | 4 |  4.2
Spellcasting   | |  2.6
Hexes          | |  3.6

Action                   || total
-------------------------++-------
Melee: Quick blade       ||    14
Invok: Lunge             ||     1
  Use: Potion            ||     1
Armor: Shadow dragon sca ||     4
Dodge: Dodged            ||    10
